 Dungeon Crawl Stone Soup version 0.17-a0-1141-g3e25b61 (webtiles) character file.

476 onwiheg the Cudgeler (level 7, -8/52 HPs)
             Began as a Formicid Berserker on May 26, 2015.
             Was a Priest of Trog.
             Mangled by an iguana (11 damage)
             ... on level 4 of the Dungeon.
             The game lasted 00:13:07 (3165 turns).

onwiheg the Cudgeler (Formicid Berserker)           Turns: 3165, Time: 00:13:09

Health: -8/52      AC:  6    Str: 23    XL:     7   Next: 33%
Magic:  7/7        EV: 10    Int:  7    God:    Trog [***...]
Gold:   203        SH:  0    Dex: 10    Spells: 0 memorised, 6 levels left

rFire  + . .     SeeInvis +     a - +0 mace
rCold  . . .     Clarity  .     k - +0 scale mail
rNeg   . . .     SustAt   .     (no shield)
rPois  .         Gourm    .     (helmet unavailable)
rElec  .         Spirit   .     (no cloak)
rCorr  .         Warding  .     (no gloves)
rMut   .         Stasis   +     (no boots)
MR     .....                    e - amulet of regeneration
Stlth  ..........               (no ring)
                                i - ring of protection from fire

@: not resistant to hostile enchantments, extremely unstealthy
A: permanent stasis, dig shafts and tunnels, four strong arms, antennae 3
a: Dig, Shaft Self, Burn Spellbooks, Trog's Hand, Renounce Religion


You were on level 4 of the Dungeon.
You worshipped Trog.
Trog was most pleased with you.
You were hungry.

You visited 1 branch of the dungeon, and saw 4 of its levels.

You collected 203 gold pieces.

Inventory:

Hand weapons
 a - a +0 mace (weapon)
Armour
 b - a +0 animal skin
 k - a +0 scale mail (worn)
Jewellery
 e - an amulet of regeneration (around neck)
 i - a ring of protection from fire (left hand)
Magical devices
 j - a wand of slowing (9)
Scrolls
 d - 7 scrolls of identify {unknown}
 g - 3 scrolls of fog {unknown}
 h - 3 scrolls of remove curse {unknown}
 l - a scroll of noise {unknown}
 m - 4 scrolls of fear {unknown}
 q - a scroll of recharging {unknown}
 r - a scroll of amnesia {unknown}
Potions
 f - 2 potions of degeneration {unknown}
 p - a potion of mutation {unknown}
 s - a potion of might {unknown}
Comestibles
 c - 3 bread rations
 n - a beef jerky
 o - a royal jelly


   Skills:
 - Level 3.2 Fighting
 + Level 7.8 Maces & Flails
 - Level 2.1 Armour
 - Level 1.7 Dodging


You had 6 spell levels left.
You didn't know any spells.

Dungeon Overview and Level Annotations

Branches:
Dungeon (4/15)
 Temple: D:4-7

Altars:
Cheibriados
Yredelemnul

Annotations:
D:4 HEYYEYAAE's ghost, experienced OpFi


Innate Abilities, Weirdness & Mutations

You are under a permanent stasis effect.
You can dig through walls and to a lower floor.
Your four strong arms can wield two-handed weapons with a shield.
You have a pair of large antennae on your head (SInv).


Message History

You closely miss the iguana.
The iguana is heavily wounded.
The iguana barely misses you.
You hit the iguana but do no damage.
The iguana is heavily wounded.
The iguana bites you!
The orc warrior hits you from afar with a trident!
* * * LOW HITPOINT WARNING * * *
A kobold comes into view. It is wielding a whip.
You dig through the rock wall.
You hit the iguana but do no damage.
The iguana is heavily wounded.
The iguana closely misses you.
You closely miss the iguana.
The iguana is heavily wounded.
The iguana bites you!
* * * LOW HITPOINT WARNING * * *
The iguana hisses menacingly.
The iguana bites you!
You die...

#........#..##### #
#.#......#....... ..
####.#.###.......... #.#
#.....#............. #.#
###.#.##.###.#.....####.
. ........##
##.#.#..#.... #
####..##.###..#.#>.#....
#. ###.#.# #.#..#.... #
#@##.# ...#..._ # ##l#.#
#.... #..#{##.####...
#.... #..{o{)........
#....
#K#####o#####...####. #
#$# ........ #o#
..###### ..o { ...... {
#.. ######


You could see an iguana.

Vanquished Creatures
  An ogre (D:3)
  A giant frog (D:3)
  A scorpion (D:4)
  A hound (D:3)
  A gnoll shaman (D:4)
  A giant frog skeleton (D:4)
  4 adders
  6 gnolls
  An ooze (D:3)
  3 worms
  2 giant geckos
  An orc (D:4)
  6 bats
  8 giant cockroaches
  12 hobgoblins
  4 jackals
  8 kobolds
  3 quokkas
  4 giant newts
  14 goblins
  A quokka skeleton (D:4)
  6 rats
89 creatures vanquished.

Notes
Turn   | Place    | Note
--------------------------------------------------------------
     0 | D:1      | onwiheg the Formicid Berserker began the quest for the Orb.
     0 | D:1      | Reached XP level 1. HP: 18/18 MP: 1/1
   353 | D:1      | Reached XP level 2. HP: 21/24 MP: 2/2
   688 | D:1      | Reached skill level 4 in Maces & Flails
   688 | D:1      | Reached XP level 3. HP: 21/29 MP: 3/3
   842 | D:2      | Acquired Trog's second power
   914 | D:2      | Found a snail-covered altar of Cheibriados.
   931 | D:2      | HP: 1/29 [gnoll/spear (6)]
   932 | D:2      | Reached XP level 4. HP: 1/35 MP: 4/4
  1199 | D:2      | Reached skill level 5 in Maces & Flails
  1367 | D:2      | Reached XP level 5. HP: 41/41 MP: 5/5
  1841 | D:2      | Found a basalt altar of Yredelemnul.
  2022 | D:3      | Reached skill level 6 in Maces & Flails
  2200 | D:3      | Noticed an ogre
  2207 | D:3      | Killed an ogre
  2207 | D:3      | Reached XP level 6. HP: 26/47 MP: 6/6
  2220 | D:3      | Reached skill level 7 in Maces & Flails
  2813 | D:4      | Noticed HEYYEYAAE's ghost (experienced OpFi)
  2967 | D:4      | Reached XP level 7. HP: 52/52 MP: 7/7
  3007 | D:4      | Found a basalt altar of Yredelemnul.
  3150 | D:4      | Noticed an orc warrior
  3165 | D:4      | Mangled by an iguana

Vault maps used:
D:1:      sevenhm_arrival_forest_fort_large_2
D:2:      lemuel_upstairs_altar, st_stairs_4, cheibriados_altar_wand_db
D:3:      first_bread, minmay_vboxes
D:4:      temple_hall, lemuel_tele_altar

Action                   |  1- 3 |  4- 6 |  7- 9 || total
-------------------------+-------+-------+-------++-------
Melee: Mace              |    84 |   259 |    44 ||   387
 Abil: Dig               |     2 |     7 |     1 ||    10
Evoke: Wand              |       |     2 |       ||     2
 Stab: Sleeping          |     1 |       |       ||     1
  Eat: Chunk             |       |    11 |       ||    11
